 Dungeon Crawl Stone Soup version 0.31-a0-1308-ga3cce3a448 (webtiles) character file.

Game seed: 17874173269093704913

5046 grandjackal the Fighter (level 10, -1/91 HPs)
             Began as a Black Draconian Gladiator on Dec 19, 2023.
             Was a Believer of Okawaru.
             Slain by a yak (14 damage)
             ... on level 9 of the Dungeon.
             The game lasted 00:11:04 (9310 turns).

grandjackal the Fighter (Black Draconian Gladiator) Turns: 9310, Time: 00:11:05

Health: -1/91      AC:  9    Str: 17    XL:     10   Next: 30%
Magic:  13/13      EV: 16    Int:  9    God:    Okawaru [**....]
Gold:   423        SH:  0    Dex: 16    Spells: 9/9 levels left

rFire   + . .        e - +2 scimitar
rCold   . . .        (no shield)
rNeg    . . .        (body armour unavailable)
rPois   .            b - +0 hat
rElec   +            r - +0 cloak
rCorr   .            s - +0 pair of gloves "Ociboaf" {rF+}
SInv    .            (no boots)
Will    +....        (no amulet)
Stlth   +            o - ring of willpower
HPRegen 0.35/turn    (no ring)
MPRegen 0.13/turn

%: no passive effects
@: no status effects
A: breathe lightning, AC +7, unfitting armour, electricity resistance,
cold-blooded
a: Breathe Lightning, Renounce Religion, Heroism


You were on level 9 of the Dungeon.
You worshipped Okawaru.
Okawaru was pleased with you.
You visited 2 branches of the dungeon, and saw 10 of its levels.

You collected 423 gold pieces.

Inventory:

Hand Weapons
 a - a +0 long sword
 e - a +2 scimitar (weapon)
Missiles
 c - 3 throwing nets (quivered)
 d - a javelin
Armour
 b - a +0 hat (worn)
 r - a +0 cloak (worn)
 s - the +0 pair of gloves "Ociboaf" (worn) {rF+}
   (You found it on level 5 of the Dungeon)

   rF+:       It protects you from fire.
Jewellery
 o - a ring of willpower (left hand)
 w - a ring of ice
 z - a +4 ring of protection
Wands
 j - a wand of roots (18)
 n - a wand of charming (13)
 t - a wand of light (4)
Scrolls
 g - 5 scrolls of teleportation
 i - 2 scrolls of fear {unknown}
 l - a scroll of amnesia {unknown}
 p - a scroll of enchant weapon {unknown}
 u - a scroll of blinking {unknown}
 x - a scroll of brand weapon {unknown}
 y - a scroll of vulnerability {unknown}
 A - 3 scrolls of summoning {unknown}
 C - 4 scrolls of noise {unknown}
Potions
 f - 2 potions of resistance
 h - a potion of haste
 k - a potion of berserk rage {unknown}
 m - 2 potions of curing
 q - 3 potions of heal wounds
 v - 2 potions of might
 B - a potion of magic {unknown}


   Skills:
 + Level 9.5 Fighting
 + Level 8.9 Long Blades
 - Level 2.0 Throwing
 + Level 8.1 Dodging
 + Level 5.1 Invocations


You had 9 spell levels left.
You didn't know any spells.
Your spell library contained the following spells:

 Spells                   Type           Power      Damage    Failure   Level
 Cigotuvi's Dreadful Rot  Necr/Pois/Air  0%         N/A       52%         2
 Ensorcelled Hibernation  Hex/Ice        0%         N/A       52%         2
 Jinxbite                 Hex            0%         N/A       52%         2
 Ignite Poison            Fire/Tmut/Pois 0%         N/A       77%         3
 Inner Flame              Hex/Fire       0%         N/A       77%         3
 Ozocubu's Armour         Ice            0%         N/A       77%         3
 Anguish                  Hex/Necr       0%         N/A       99%         4
 Freezing Cloud           Conj/Ice/Air   0%         6-21      100%        5
 Metabolic Englaciation   Hex/Ice        0%         N/A       100%        5
 Yara's Violent Unravell  Hex/Tmut       0%         3d3       100%        5
 Enfeeble                 Hex            0%         N/A       100%        7
 Ozocubu's Refrigeration  Ice            0%         4d7       100%        7
 Simulacrum               Ice/Necr       Unusable   N/A       N/A         6

Dungeon Overview and Level Annotations

Branches:
Dungeon (9/15)             Temple (1/1) D:7            Lair (0/5) D:9
    Orc: D:9-12

Altars:
Ashenzari
Cheibriados
Dithmenos
Elyvilon
Fedhas
Gozag
Hepliaklqana
Kikubaaqudgha
Makhleb
Nemelex Xobeh
Okawaru
Qazlal
Ru
Sif Muna
Trog
Uskayaw
Wu Jian
Xom
Yredelemnul
Zin
The Shining One

Annotations:
D:5 1 runed translucent door, Crazy Yiuf


Innate Abilities, Weirdness & Mutations

You can breathe wild blasts of lightning.
Your glossy black scales are hard. (AC +7)
You cannot fit into any form of body armour.
You are resistant to electric shocks. (rElec)
You are cold-blooded and may be slowed by cold attacks.


Message History

You hit the yak.
The yak is severely wounded.
The yak misses you.
You slash the yak!
Your tail-slap misses the yak.
The yak is almost dead.
The yak gores you but does no damage.
You slash the yak!
You kill the yak!
Okawaru accepts your kill.
You slash the yak!
You tail-slap the yak, but do no damage.
The yak is heavily wounded.
The yak closely misses you.
You hit the yak but do no damage.
Your tail-slap misses the yak.
The yak is moderately wounded.
The yak closely misses you.
You closely miss the yak. You tail-slap the yak.
The yak is heavily wounded.
The yak gores you!
* * * LOW HITPOINT WARNING * * *
You slash the yak!
The yak is severely wounded.
The yak barely misses you.
You hit the yak but do no damage.
The yak is severely wounded.
The yak gores you!
* * * LOW HITPOINT WARNING * * *
You hit the yak but do no damage. You tail-slap the yak.
The yak is severely wounded.
The yak gores you but does no damage.
You hit the yak but do no damage.
You tail-slap the yak, but do no damage.
The yak is severely wounded.
You have got your breath back.
The yak gores you.
* * * LOW HITPOINT WARNING * * *
You hit the yak. Your punch misses the yak.
The yak is severely wounded.
The yak gores you!
You die...

########## .........####
...#####....#####
........##...........#
#........##.#########.#
#......).##@# ..... #.#
#........##Y#.......#.#
#........##.#.......#.#
#........#..^..$_...^.######
#........#..#.......#.......
#......Y....#.......#..#####
#####.<#.#.# ..... #.##
#..#...####^####.######
##...#...............[.


You could see a yak.

Vanquished Creatures
  Joseph (D:8)
  Jeremiah (D:6)
  Maggie (D:8)
  A komodo dragon (D:9)
  A hornet (D:9)
  A wyvern (D:9)
  A wraith (D:8)
  7 yaks (D:9)
  A steam dragon (D:8)
  3 orc warriors
  3 phantoms
  2 bullfrogs
  3 scorpions
  8 wights (D:7)
  5 killer bees (D:8)
  2 jellies (D:5)
  3 hounds
  3 orc priests
  A sleepcap (D:5)
  A gnoll bouda (D:7)
  An iguana (D:5)
  Ijyb (D:3)
  Natasha (thrice) (D:3)
  6 orc wizards
  3 gnolls (D:7)
  8 adders
  2 white imps
  A dart slug (D:3)
  22 orcs
  7 bats
  3 endoplasms
  A giant cockroach (D:1)
  9 goblins
  7 hobgoblins
  4 jackals
  5 kobolds
  5 quokkas
  6 ball pythons
  A frilled lizard (D:3)
  7 rats
151 creatures vanquished.

Vanquished Creatures (collateral kills)
  An orc priest (D:6)
  An iguana (D:6)
  2 orcs (D:6)
4 creatures vanquished.

Vanquished Creatures (others)
  An orc wizard (D:8)
1 creature vanquished.

Grand Total: 156 creatures vanquished

Notes
Turn   | Place    | Note
-------+----------+-------------------------------------------
     0 | D:1      | grandjackal the Draconian Gladiator began the quest for the
                  | Orb.
     0 | D:1      | Reached XP level 1. HP: 17/17 MP: 1/1
   347 | D:1      | Reached XP level 2. HP: 25/25 MP: 2/2
  1087 | D:2      | Reached XP level 3. HP: 18/30 MP: 3/3
  1203 | D:2      | Reached skill level 3 in Fighting
  1729 | D:3      | Noticed Ijyb
  1844 | D:3      | Reached XP level 4. HP: 36/38 MP: 4/4
  1898 | D:3      | Killed Ijyb
  2164 | D:3      | Noticed Natasha
  2172 | D:3      | Killed Natasha
  2228 | D:3      | Noticed a scorpion
  2229 | D:3      | Noticed an ice beast
  2254 | D:3      | Noticed Natasha
  2264 | D:3      | Killed Natasha
  2265 | D:3      | Reached XP level 5. HP: 42/46 MP: 5/5
  2308 | D:3      | Noticed Natasha
  2408 | D:3      | Killed Natasha
  2409 | D:3      | Reached skill level 4 in Fighting
  2452 | D:3      | Found a hide-covered altar of Uskayaw.
  3276 | D:4      | Noticed a phantom
  3309 | D:4      | Killed a phantom
  3310 | D:4      | Reached XP level 6. HP: 15/53 MP: 6/6
  3802 | D:5      | Entered Level 5 of the Dungeon
  3975 | D:5      | Identified the +0 pair of gloves "Ociboaf" {rF+}
  4029 | D:5      | Reached skill level 5 in Fighting
  4029 | D:5      | Reached skill level 5 in Long Blades
  4139 | D:5      | Found a runed translucent door.
  4140 | D:5      | Noticed Crazy Yiuf
  4214 | D:5      | Your scales start taking on a glossy black colour.
  4214 | D:5      | Reached XP level 7. HP: 52/61 MP: 7/7
  4214 | D:5      | Gained mutation: You are resistant to electric shocks.
                  | (rElec) [Black Draconian growth]
  4424 | D:5      | Found a basalt altar of Yredelemnul.
  4628 | D:6      | Found a burning altar of Makhleb.
  4635 | D:6      | Noticed Jeremiah
  4637 | D:6      | Found a shimmering blue altar of Sif Muna.
  4637 | D:6      | Found a stormy altar of Qazlal.
  4690 | D:6      | Killed Jeremiah
  4691 | D:6      | Reached skill level 6 in Fighting
  4691 | D:6      | Reached skill level 5 in Dodging
  4875 | D:6      | Reached XP level 8. HP: 49/71 MP: 8/8
  5433 | D:7      | Reached skill level 7 in Fighting
  5791 | D:7      | Found a glowing golden altar of the Shining One.
  5937 | D:7      | Found a staircase to the Ecumenical Temple.
  6518 | D:8      | Noticed Maggie
  6615 | D:7      | Reached XP level 9. HP: 27/75 MP: 9/9
  6782 | Temple   | Entered the Ecumenical Temple
  6816 | Temple   | Became a worshipper of Warmaster Okawaru
  6939 | D:8      | Killed Maggie
  6940 | D:8      | Reached skill level 8 in Fighting
  6940 | D:8      | Reached skill level 1 in Invocations
  7260 | D:8      | Reached * piety under Okawaru
  7508 | D:8      | Noticed Joseph
  7525 | D:8      | Killed Joseph
  8106 | D:8      | Found an opulent altar of Gozag.
  8276 | D:9      | Noticed a komodo dragon
  8282 | D:9      | Killed a komodo dragon
  8282 | D:9      | Reached ** piety under Okawaru
  8355 | D:9      | Reached skill level 9 in Fighting
  8722 | D:9      | Reached XP level 10. HP: 64/91 MP: 13/13
  8744 | D:9      | Found a staircase to the Lair.
  8927 | D:9      | Paralysed by a hornet for 3 turns
  9240 | D:9      | Found a sacrificial altar of Ru.
  9286 | D:9      | Reached skill level 5 in Invocations
  9310 | D:9      | Slain by a yak

Illustrated notes

Levels and vault maps discovered:
D:1:      psy_arrival_statuary, layout_basic, serial_curves, eino_curves_02,
          eino_curves_01
D:2:      layout_loops_ring, minmay_tromino_i2
D:3:      layout_loops_ring, nicolae_uskayaw_murder_on_the_dancefloor,
          serial_rivers, chequers_serial_rivers_large_b,
          chequers_serial_rivers_marsh, chequers_serial_rivers_micro_e,
          chequers_serial_rivers_micro_b, lightli_corner_chamber, uniq_natasha,
          uniq_ijyb
D:4:      layout_gridville
D:5:      layout_cave_pools, nicolae_overflow_hidden_temple,
          serial_bayou_crossing, uniq_crazy_yiuf_cottage
D:6:      layout_rooms, minitemple, uniq_jeremiah
D:7:      layout_basic, tso_altar, minmay_temple_entry_trees, glass_columns_a
D:8:      layout_loops_corners, nicolae_gozag_seed_capital, uniq_maggie,
          uniq_joseph
D:9:      layout_rooms, lemuel_tele_altar, lair_entry_dummy
Temple:   nicolae_temple_figure_eight

Skill      XL: |  1  2  3  4  5  6  7  8  9 10 |
---------------+-------------------------------+-----
Throwing       | 2 |  2.0
Dodging        | 3 4 5 6 7 8 |  8.1
Fighting       | 3 4 5 6 7 9 |  9.5
Long Blades    | 4 5 6 7 8 |  8.9
Invocations    | 4 5 |  5.1

Action                     |  1- 3 |  4- 6 |  7- 9 | 10-12 || total
---------------------------+-------+-------+-------+-------++-------
  Melee: Long sword        |   118 |   148 |   141 |       ||   407
         Tailslap          |    14 |    19 |    51 |    12 ||    96
         Punch             |     1 |       |     3 |       ||     4
         Scimitar          |       |       |   141 |    49 ||   190
  Throw: Throwing net      |       |       |     2 |       ||     2
Ability: Breathe Lightning |       |       |     6 |     2 ||     8
  Evoke: Wand              |       |       |     6 |       ||     6
    Use: Scroll            |       |       |     7 |       ||     7
         Potion            |       |       |     1 |       ||     1
   Stab: Sleeping          |     2 |     2 |       |       ||     4
         Held in net/web   |       |       |     4 |       ||     4
 Armour: Skin              |    89 |    92 |   177 |    36 ||   394
  Dodge: Dodged            |   105 |   111 |   222 |    31 ||   469

Table legend: (Time is in decaauts)
 A = Elapsed time spent in this place.
 B = Non-inter-level travel time spent in this place.
 C = Inter-level travel time spent in this place.
 D = Time resting spent in this place.
 E = Time spent auto-exploring this place.
 F = Levels seen in this place.
 G = Mean time per level.
                   A        B        C        D        E       F      G
               +--------+--------+--------+--------+--------+-----+--------+
         Total |   9428 |   9051 |    377 |   2222 |   5138 |  10 |  942.8 |
       Dungeon |   9362 |   9016 |    346 |   2222 |   5138 |   9 | 1040.2 |
        Temple |     65 |     34 |     31 |      0 |      0 |   1 |   65.0 |
               +--------+--------+--------+--------+--------+-----+--------+

Top non-repeatable levels by time:
     D:7: 1542 daAuts
     D:8: 1333 daAuts
     D:3: 1123 daAuts
     D:9: 1076 daAuts
     D:1: 1066 daAuts
     D:2: 859 daAuts
     D:5: 850 daAuts
     D:4: 834 daAuts
     D:6: 676 daAuts
  Temple: 65 daAuts
